Map: Alcyone LE

Players

SubN

  • Race: Zerg Zerg
  • League: Diamond
  • Spawn Location: 1:00

Oaks - Winner!

  • Race: Terran Terran
  • League: Platinum
  • Spawn Location: 7:00

VOD

Have the link to the VOD?

Description

Time

  • Played on: Dec. 23, 2023, 11:46 p.m.
  • Length: 9:59
Show
View Real Time Build Order
Export as new Build Order

SubN Zerg 

Build Orders: Hatch First 

Get SALT Encoding   

  12  0:00  Drone  
  13  0:13  Overlord  
  13  0:22  Drone  
  14  0:31  Drone x2  
  16  0:51  Hatchery  
  16  0:54  Drone  
  16  0:56  Drone  
  17  1:00  Drone  
  17  1:03  Extractor  
  17  1:17  Spawning Pool  
  16  1:20  Drone  
  17  1:27  Drone  
  17  1:28  Drone  
  19  1:39  Drone  
  20  1:50  Overlord  
  20  2:07  Queen x2  
  24  2:13  Metabolic Boost  
  24  2:17  Zergling x4  
  24  2:21  Drone  
  27  2:23  Drone  
  27  2:26  Drone  
  27  2:29  Drone  
  30  2:37  Extractor  
  29  2:53  Queen  
  31  3:03  Drone x3  
  34  3:07  Overlord  
  34  3:09  Hatchery  
  33  3:17  Drone x3  
  36  3:28  Drone  
  36  3:29  Drone x4  
  36  3:32  Queen  
  42  4:02  Drone  
  43  4:04  Overlord  
  43  4:06  Overlord  
  43  4:07  Overlord  
  43  4:09  Overlord  
  43  4:20  Baneling Nest  
  42  4:24  Extractor x2, Queen  
  42  4:26  Drone x8  
  50  4:32  Drone  
  50  4:34  Drone x2  
  50  4:37  Drone x2  
  55  4:41  Drone  
  55  4:42  Drone x3  
  55  4:45  Drone x2  
  61  4:51  Drone  
  62  5:03  Queen  
  62  5:04  Queen  
  66  5:16  Spore Crawler  
  66  5:20  Drone x5  
  66  5:21  Spore Crawler  
  69  5:22  Drone  
  69  5:26  Zergling x2  
  69  5:27  Zergling x4  
  66  5:56  Spore Crawler  
  65  6:00  Overlord x5  
  63  6:15  Overlord  
  63  6:16  Overlord  
  63  6:21  Spore Crawler  
  62  6:26  Spore Crawler  
  62  6:30  Zergling x2  
  62  6:31  Zergling x18  
  71  6:32  Baneling  
  71  6:33  Baneling x5  
  71  6:35  Lair  
  71  6:39  Drone  
  72  6:42  Drone  
  72  6:43  Extractor  
  72  6:45  Overlord  
  72  6:49  Queen  
  74  6:59  Queen  
  74  7:00  Evolution Chamber x2  
  74  7:02  Drone x2  
  74  7:03  Drone  
  74  7:06  Drone x3  
  80  7:09  Extractor  
  80  7:10  Extractor  
  79  7:15  Drone  
  79  7:17  Drone x3  
  79  7:20  Drone  
  79  7:22  Drone  
  84  7:24  Drone x2  
  84  7:27  Zerg Melee Weapons Level 1, Zerg Ground Armor Level 1  
  86  7:44  Centrifugal Hooks  
  86  7:46  Overseer  
  86  7:48  Overseer  
  86  7:53  Drone  
  86  7:55  Spire  
  86  7:56  Drone x3  
  86  7:57  Drone x2  
  86  7:58  Drone x2  
  92  7:59  Drone x2  
  92  8:01  Drone  
  92  8:05  Drone x2, Hatchery  
  96  8:10  Drone  
  98  8:29  Overlord x3  
  98  8:33  Zergling x2  
  98  8:34  Zergling x12  
  105  8:39  Drone, Spore Crawler  
  105  8:40  Spore Crawler  
  104  8:44  Infestation Pit  
  103  8:57  Extractor  
  103  8:58  Extractor  
  103  8:59  Drone  
  103  9:00  Drone x2  
  103  9:01  Drone x3  
  103  9:02  Drone x4  
  111  9:11  Overlord x2  
  111  9:22  Zergling x22  
  122  9:25  Baneling  
  122  9:26  Baneling x5  
  122  9:34  Zergling x2  
  122  9:35  Zergling x8  
Show
View Real Time Build Order
Export as new Build Order

Oaks Terran - Winner!

Build Orders: Reaper Expand 

Get SALT Encoding   

  12  0:00  SCV  
  13  0:12  SCV  
  14  0:17  Supply Depot  
  14  0:24  SCV  
  15  0:39  SCV  
  15  0:41  Barracks  
  16  0:48  Refinery  
  16  0:51  SCV  
  17  1:03  SCV  
  18  1:15  SCV  
  19  1:28  Orbital Command  
  19  1:30  Reaper  
  20  1:38  Command Center  
  20  1:48  Supply Depot  
  20  1:54  SCV  
  21  2:04  Marine  
  21  2:06  SCV  
  23  2:14  Factory  
  23  2:16  Refinery  
  23  2:18  SCV  
  24  2:25  Supply Depot  
  24  2:28  Barracks Reactor  
  24  2:30  SCV  
  25  2:42  SCV  
  25  2:53  Orbital Command  
  25  2:54  SCV  
  26  3:00  Starport  
  26  3:06  SCV  
  26  3:09  Bunker, Marine x2  
  26  3:11  Factory Reactor  
  29  3:18  SCV x2  
  31  3:30  SCV x2  
  33  3:34  Marine x2  
  35  3:43  SCV x2  
  36  3:52  Marine x2  
  36  3:55  SCV x2  
  40  4:05  Factory Tech Lab  
  40  4:06  Liberator, Medivac  
  40  4:08  SCV x2  
  47  4:12  Supply Depot, Marine x2  
  47  4:13  Supply Depot  
  49  4:20  SCV  
  50  4:27  SCV  
  50  4:30  Marine x2  
  53  4:32  SCV  
  53  4:33  Siege Tank  
  57  4:41  Command Center  
  57  4:54  Marine x2  
  57  4:57  SCV x2  
  61  5:07  Siege Tank  
  61  5:12  Marine x2  
  61  5:14  Engineering Bay x2, SCV x2  
  66  5:15  Refinery  
  66  5:16  Refinery  
  66  5:21  Supply Depot  
  68  5:23  Supply Depot  
  68  5:26  SCV  
  68  5:27  SCV  
  70  5:30  Barracks  
  70  5:32  Barracks  
  70  5:42  Marine x2, SCV x2  
  73  5:48  Siege Tank, Medivac  
  77  5:58  Orbital Command  
  77  6:00  Marine x2  
  79  6:10  SCV x2  
  81  6:18  Marine x2  
  83  6:20  Barracks Reactor, Siege Tank  
  83  6:22  Barracks Tech Lab  
  83  6:23  Barracks Tech Lab  
  83  6:25  Orbital Command  
  86  6:27  Barracks  
  86  6:28  Barracks, SCV x2  
  88  6:35  Liberator  
  88  6:36  Marine x2, Medivac  
  92  6:40  SCV x2  
  92  6:46  Marine x2  
  96  6:48  Terran Infantry Weapons Level 1  
  96  6:50  Stimpack, Combat Shield  
  96  6:52  SCV x2  
  98  6:54  Marine x2  
  98  6:58  SCV  
  101  7:09  Supply Depot  
  101  7:10  Supply Depot  
  101  7:18  Supply Depot  
  101  7:19  Supply Depot, Terran Infantry Armor Level 1  
  101  7:23  Barracks Tech Lab, Barracks Reactor  
  101  7:30  Marine  
  101  7:31  Marauder x2, Marine, SCV x3  
  110  7:37  Siege Tank, Medivac  
  110  7:40  Liberator  
  110  7:41  Refinery x2  
  110  7:43  SCV x3  
  121  7:44  Marine  
  121  7:48  Marine  
  121  7:49  Marine  
  124  7:51  Sensor Tower  
  124  7:52  Marine x2  
  124  7:55  SCV x3  
  129  7:59  Armory  
  129  8:00  Marine x2  
  129  8:02  Marine  
  132  8:06  Marine  
  132  8:09  Concussive Shells  
  133  8:13  Command Center  
  133  8:19  Marine x4, SCV x3  
  140  8:23  Supply Depot, Marine x2  
  140  8:24  Supply Depot, Marine  
  143  8:36  Marine x3  
  146  8:46  Marine x4  
  146  8:47  Siege Tank, Medivac  
  146  8:48  Medivac  
  157  8:54  Marine  
  157  8:55  Marauder  
  160  9:04  Marauder  
  162  9:15  Marine  
  162  9:16  Marauder  
  165  9:20  Supply Depot  
  165  9:21  Supply Depot  
  165  9:25  Marauder, Marine x3  
  165  9:26  Marauder, Command Center  
  172  9:33  Marine  
  172  9:34  Supply Depot  
  172  9:37  Marauder  
  183  9:57  Supply Depot x3  
Tags
 
Add a new tag
Caveats
  • Supply blocks, unpowered buildings, or Contaminate may cause inaccurate times.
  • Supply counts are checked every 10 seconds.